 Dungeon Crawl Stone Soup version 0.23-a0-650-ga4d50d4 (webtiles) character file.

210 MalarOregon the Poker (level 5, -3/41 HPs)
             Began as a Merfolk Gladiator on Jan 6, 2019.
             Killed by divine providence
             ... invoked by an orc priest
              (15 damage)
             ... on level 3 of the Dungeon.
             The game lasted 00:09:24 (2984 turns).

MalarOregon the Poker (Merfolk Gladiator)           Turns: 2984, Time: 00:09:24

Health: -3/41      AC: 15    Str: 15    XL:     5   Next: 87%
Magic:  5/5        EV: 14    Int:  8    God:
Gold:   168        SH:  0    Dex: 15    Spells: 4/4 levels left

rFire    . . .     SeeInvis .   a - +0 trident (protect)
rCold    . . .     Gourm    .   (no shield)
rNeg     . . .     Faith    .   b - +0 leather armour
rPois    .         Spirit   .   q - +2 helmet
rElec    .         Reflect  .   m - +1 cloak
rCorr    .         Harm     .   (no gloves)
MR       .....                  (no boots)
Stlth    +.........             (no amulet)
HPRegen  0.13/turn              (no ring)
MPRegen  0.09/turn              (no ring)

@: protection aura
A: change form in water, swift swim, stealthy swim
a: no special abilities


You were on level 3 of the Dungeon.
You were not hungry.

You visited 1 branch of the dungeon, and saw 4 of its levels.

You collected 168 gold pieces.

Inventory:

Hand Weapons
 a - a +0 trident of protection (weapon)
   (You found it on level 3 of the Dungeon)
Missiles
 d - 2 throwing nets {!f}
 g - 140 stones (quivered)
Armour
 b - a +0 leather armour (worn)
 m - a +1 cloak (worn)
   (You took it off Crazy Yiuf on level 3 of the Dungeon)
 q - a +2 helmet (worn)
   (You found it on level 3 of the Dungeon)
Scrolls
 f - 4 scrolls of blinking
 i - a scroll of amnesia {unknown}
 j - 2 scrolls of identify {@r1}
 k - 3 scrolls of remove curse {@r2}
 o - a scroll of enchant armour {unknown}
 p - a scroll of fear {unknown}
Potions
 h - a potion of curing {@q1}
 l - a potion of might
 r - 2 potions of flight
Comestibles
 e - 11 rations {!d}


   Skills:
 + Level 3.2 Fighting
 * Level 6.4 Polearms
 * Level 3.6 Throwing
 + Level 5.0 Dodging


You had 4 spell levels left.
You didn't know any spells.
Your spell library was empty.

Dungeon Overview and Level Annotations

Branches:
Dungeon (4/15)
 Temple: D:4-7

Altars:


Message History

You hit the orc priest. The orc priest closely misses you.
You barely miss the orc priest.
The orc priest mumbles some strange prayers to Beogh against you.
Beogh smites you!
* * * LOW HITPOINT WARNING * * *
You closely miss the orc priest.
The orc priest hits you with a +0 short sword.
* * * LOW HITPOINT WARNING * * *
You barely miss the orc priest. The orc priest barely misses you.
You closely miss the orc priest. The orc priest completely misses you.
You barely miss the orc priest.
The orc priest hits you but does no damage.
You barely miss the orc priest.
The orc priest hits you but does no damage.
You hit the orc priest.
Your weapon exudes an aura of protection.
The orc priest barely misses you.
You hit the orc priest but do no damage.
The orc priest hits you but does no damage.
You closely miss the orc priest. The orc priest barely misses you.
You barely miss the orc priest.
The orc priest looks encouraged for a moment.
You closely miss the orc priest.
The orc priest hits you but does no damage.
You barely miss the orc priest.
The orc priest casts a cantrip, but nothing happens.
You hit the orc priest but do no damage.
Your weapon exudes an aura of protection.
The orc priest calls down the wrath of Beogh upon you.
You barely resist. You barely miss the orc priest.
The orc priest barely misses you.
You closely miss the orc priest.
The orc priest hits you but does no damage.
You closely miss the orc priest. You barely miss the orc priest.
The orc priest hits you with a +0 short sword.
* * * LOW HITPOINT WARNING * * *
You hit the orc priest but do no damage.
Your weapon exudes an aura of protection.
The orc priest hits you with a +0 short sword.
* * * LOW HITPOINT WARNING * * *
Here: an orc priest, wielding a +0 short sword and wearing a +0 leather armour The floor, spattered with blood.
Unknown command.
You closely miss the orc priest.
The orc priest begins to cast a cantrip, but forgets the words!
You hit the orc priest.
The orc priest mumbles some strange prayers to Beogh against you.
Beogh smites you!
You die...

..#......#.##.#.####
.#........#.#.#.#########
###.###..###..#.##......# #
##.##.## ##..)##.####.#
###.###..###....##.####.##
.#.#...##.#.....##.##....########
..##............##.##.#..........
####...####....o##.##.#.########.
##.## #....†@.......# #. ##.##
######.######## #. #...# #....#
#. #...# ####[# #. #...# #.#
####### #. ####...##### #.#
#.....# ##
...........########)###.....#
............................# ##
....)<..............#.#.....# #.


You could see an orc priest.

Vanquished Creatures
  A scorpion (D:2)
  An orc priest (D:3)
  Crazy Yiuf (D:3)
  3 adders
  3 worms
  2 dart slugs (D:1)
  6 giant cockroaches
  8 goblins
  8 hobgoblins
  11 jackals
  A quokka (D:2)
  A ball python (D:1)
  8 bats
  A frilled lizard (D:1)
  6 kobolds
  4 rats
65 creatures vanquished.

Notes
Turn   | Place    | Note
-------+----------+-------------------------------------------
     0 | D:1      | MalarOregon the Merfolk Gladiator began the quest for the
                  | Orb.
     0 | D:1      | Reached XP level 1. HP: 16/16 MP: 1/1
   285 | D:1      | Reached XP level 2. HP: 23/23 MP: 2/2
   787 | D:1      | Reached XP level 3. HP: 14/28 MP: 3/3
  1032 | D:2      | Reached skill level 5 in Polearms
  1049 | D:2      | Found a faded altar of an unknown god.
  1213 | D:2      | Noticed a scorpion
  1228 | D:2      | Killed a scorpion
  1228 | D:2      | Reached XP level 4. HP: 29/34 MP: 4/4
  1652 | D:2      | Reached XP level 5. HP: 37/41 MP: 5/5
  2175 | D:3      | Reached skill level 6 in Polearms
  2450 | D:3      | Found a runed door.
  2694 | D:3      | Noticed Crazy Yiuf
  2869 | D:3      | Killed Crazy Yiuf
  2869 | D:3      | Reached skill level 5 in Dodging
  2984 | D:3      | Killed from afar by an orc priest

Vault maps used:
D:1:      matt_arrival_los_fun
D:2:      chequers_ecumenical_altar_island, minmay_pentomino_pile
D:3:      first_ration, kennysheep_generic_room_16, uniq_crazy_yiuf_cottage
D:4:      chequers_temple_overflow_statue_of_worship, led_sif_pool,
          mrwooster_statue_mirror

Skill      XL: |  1  2  3  4  5 |
---------------+----------------+-----
Polearms       | 5 6 |  6.4
Throwing       | 3 |  3.6
Fighting       | 3 |  3.2
Dodging        | 5 |  5.0

Action                   |  1- 3 |  4- 6 || total
-------------------------+-------+-------++-------
Melee: Trident           |    94 |   159 ||   253
Throw: Stone             |    65 |    45 ||   110
       Throwing net      |     1 |       ||     1
  Use: Scroll            |       |     6 ||     6
 Stab: Held in net/web   |     1 |       ||     1
       Sleeping          |       |     1 ||     1
  Eat: Chunk             |     1 |     6 ||     7
Armor: Leather armour    |    17 |    47 ||    64
Dodge: Dodged            |    63 |    75 ||   138

Table legend:
 A = Non-vault XP
 B = Vault XP
 C = Vault XP percentage of total XP
 D = Non-vault monster count
 E = Vault monster count
 F = Vault count percentage of total count
                 A         B        C        D         E       F
            +---------+---------+-------+---------+---------+-------
      Total |     185 |     115 |  38.3 |      58 |       7 |  10.8
            +---------+---------+-------+---------+---------+-------
        D:1 |      34 |       0 |   0.0 |      18 |       0 |   0.0
        D:2 |      69 |      73 |  51.4 |      24 |       5 |  17.2
        D:3 |      82 |      42 |  33.9 |      16 |       2 |  11.1
            +---------+---------+-------+---------+---------+-------
